 Dungeon Crawl Stone Soup version 0.31-a0-1338-gb567cfdca4 (webtiles) character file.

Game seed: 14603023902902670818

214094 whatisthis the Earth Mage (level 18, -2/163 HPs)
             Began as a Ghoul Alchemist on Dec 19, 2023.
             Was the Champion of Jiyva.
             Slain by a ghost moth (4 damage)
             ... on level 4 of the Spider Nest on Dec 21, 2023.
             The game lasted 03:27:44 (31504 turns).

whatisthis the Earth Mage (Ghoul Alchemist)        Turns: 31504, Time: 03:27:45

Health: -2/163     AC: 17    Str:  6 (14) XL:     18   Next: 46%
Magic:  3/46       EV: 11    Int: 17 (20) God:    Jiyva [******]
Gold:   2610       SH:  8    Dex:  9      Spells: 15/47 levels left

rFire   + . .        B - +1 demon whip (elec)
rCold   + + .        A - +0 buckler
rNeg    + + +        O - +2 robe {rC+ rF+}
rPois   ∞            M - +2 helmet
rElec   .            c - +2 cloak {rPois}
rCorr   +            H - +3 pair of gauntlets of War {Slay+5}
SInv    .            q - +2 pair of boots
Will    +....        J - amulet of reflection
Stlth   ++           W - ring of wizardry
HPRegen 1.60/turn    R - ring of magical power
MPRegen 1.10/turn

%: reflection, wizardry (x1)
@: calling ooze, inhibited regen, studying Armour
A: claws 1, cold resistance 1, negative energy resistance 3, inhibited
regeneration, torment resistance 2, devour on kill
}: 2/15 runes: decaying, slimy
a: Renounce Religion, Oozemancy, Slimify


You were on level 4 of the Spider Nest.
You worshipped Jiyva.
Jiyva was exalted by your worship.
You visited 6 branches of the dungeon, and saw 35 of its levels.

You collected 2800 gold pieces.
You spent 190 gold pieces at shops.

Inventory:

Hand Weapons
 B - a +1 demon whip of electrocution (weapon)
Missiles
 n - 5 curare-tipped darts
 p - 6 silver javelins
 x - 18 boomerangs
Armour
 a - a +1 robe of willpower
 c - a +2 cloak of poison resistance (worn)
 q - a +2 pair of boots (worn)
 A - a +0 buckler (worn)
 H - the +3 pair of gauntlets of War (worn) {Slay+5}
   (You found it on level 8 of the Dungeon)

   Slay+5:    It affects your accuracy & damage with ranged weapons and melee
   (+5).
 L - a +2 kite shield
 M - a +2 helmet (worn)
 O - a +2 robe of resistance (worn)
 V - +0 acid dragon scales
 Z - +0 swamp dragon scales
Jewellery
 y - a ring of protection from cold
 J - an amulet of reflection (around neck)
 R - a ring of magical power (right hand)
 U - a ring of protection from cold
 W - a ring of wizardry (left hand)
 X - a ring of willpower
Wands
 b - a wand of digging (5)
 d - a wand of mindburst (1)
 i - a wand of polymorph (16)
 o - a wand of flame (47)
 z - a wand of acid (22)
 E - a wand of charming (29)
 S - a wand of roots (3)
Scrolls
 e - 5 scrolls of immolation
 f - 4 scrolls of amnesia
 g - a scroll of summoning {unknown}
 h - a scroll of silence {unknown}
 l - 6 scrolls of teleportation
 t - 7 scrolls of fog
 w - 3 scrolls of fear
 C - 2 scrolls of blinking {unknown}
 F - 2 scrolls of enchant weapon {unknown}
 K - 3 scrolls of revelation {unknown}
 N - 5 scrolls of vulnerability {unknown}
 T - a scroll of brand weapon {unknown}
Potions
 j - a potion of invisibility {unknown}
 m - 4 potions of ambrosia
 r - 3 potions of brilliance
 s - 9 potions of curing
 u - a potion of resistance {unknown}
 v - 4 potions of might
 D - a potion of cancellation {unknown}
 G - 2 potions of magic
 I - a potion of mutation {unknown}
 P - 2 potions of heal wounds
 Q - a potion of berserk rage {unknown}
Miscellaneous
 k - a phantom mirror
 Y - a lightning rod (4/4)


   Skills:
 + Level 15.3 Fighting
 - Level 1.7 Dodging
 - Level 3.0 Stealth
 + Level 15.3 Spellcasting
 + Level 15.5 Necromancy
 - Level 6.3 Air Magic
 + Level 15.8 Earth Magic
 - Level 9.3 Alchemy


You had 15 spell levels left.
You knew the following spells:

 Your Spells              Type           Power      Damage    Failure   Level
a - Sting                 Conj/Alch      100%       1d9       1%          1
b - Mercury Vapours       Alch/Air       78%        N/A       1%          2
c - Mephitic Cloud        Conj/Alch/Air  30%        N/A       1%          3
d - Olgreb's Toxic Radia  Alch           44%        N/A       1%          4
e - Dispel Undead         Necr           60%        3d21      1%          4
f - Borgnjor's Vile Clut  Necr/Erth      30%        N/A       1%          5
g - Stone Arrow           Conj/Erth      80%        3d12      1%          3
h - Bombard               Conj/Erth      20%        9d4       21%         6
i - Animate Dead          Necr           60%        N/A       1%          4

Your spell library contained the following spells:

 Spells                   Type           Power      Damage    Failure   Level
 Necrotise                Necr           100%       1d9       0%          1
 Kiss of Death            Conj/Necr      100%       2d13      1%          1
 Shock                    Conj/Air       92%        1d8       1%          1
 Swiftness                Air            34%        N/A       1%          3
 Vampiric Draining        Necr           60%        2d10      1%          3
 Animate Armour           Summ/Erth      80%        N/A       1%          4
 Agony                    Necr           60%        N/A       1%          5
 Airstrike                Air            17%        2d(3-19)  2%          4
 Alistair's Intoxication  Alch           29%        N/A       2%          5
 Apportation              Tloc           26%        N/A       3%          1
 Foxfire                  Conj/Fire      52%        2x1d6     3%          1
 Summon Small Mammal      Summ           52%        N/A       3%          1
 Jinxbite                 Hex            26%        N/A       5%          2
 Vhi's Electric Charge    Tloc/Air       46%        N/A       10%         4
 Call Canine Familiar     Summ           13%        N/A       11%         3
 Confusing Touch          Hex            13%        N/A       11%         3
 Dazzling Flash           Conj/Hex       26%        N/A       11%         3
 Summon Guardian Golem    Hex/Summ       13%        N/A       11%         3
 Eringya's Noxious Bog    Alch           22%        4d6       12%         6
 Arcjolt                  Conj/Air       11%        1d21      26%         5
 Silence                  Hex/Air        11%        N/A       26%         5
 Infestation              Necr           30%        N/A       34%         8
 Iskenderun's Battlesphe  Conj           13%        2d7       65%         5
 Haunt                    Necr/Summ      19%        N/A       73%         7
 Plasma Beam              Fire/Air       11%        2x1d22    78%         6
 Starburst                Conj/Fire      6%         6d4       99%         6
 Spellforged Servitor     Conj/Summ      6%         N/A       100%        7
 Lehudib's Crystal Spear  Conj/Erth      20%        10d6      100%        8


Dungeon Overview and Level Annotations

Branches:
Dungeon (15/15)            Temple (0/1) D:7            Lair (5/5) D:11
  Swamp (4/4) Lair:2       Spider (4/4) Lair:2        Slime (5/5) Lair:5
    Orc (2/2) D:9             Elf (0/3) Orc:2        Vaults (0/5) D:14
 Depths (0/4) D:15

Altars:
Ashenzari
Cheibriados
Dithmenos
Fedhas
Gozag
Hepliaklqana
Kikubaaqudgha
Okawaru
Qazlal
Ru
Sif Muna
Trog
Uskayaw
Wu Jian
Xom
Jiyva

Shops:
D:6 **   D:12 :   D:15 [   Orc:2 *:((

Annotations:
D:6 2 transporters, TransRights's ghost, novice MiBe
D:11 3 runed translucent doors, gelatine's ghost, journeyman DsFi
D:14 4 transporters
D:15 2 transporters, Cophusiv's ghost, journeyman DsGl
Lair:3 1 runed translucent door, Tacw's ghost, journeyman MeSh
Swamp:4 1 runed translucent door, drugrobin's ghost, adept DgDe
Slime:2 Dissolution
Slime:5 Royal Jelly


Innate Abilities, Weirdness & Mutations

You are immune to poison.
You have sharp fingernails.
Your flesh is cold resistant. (rC+)
You are immune to negative energy. (rN+++)
You do not regenerate when monsters are visible.
You are immune to unholy pain and torment.
You thrive by killing the living.


Message History

Something hits you!
* * * LOW HITPOINT WARNING * * *
You feel weakened. Something hits you but does no damage.
Something stings you but does no damage.
Aiming: Corrosive Bolt
Press: ? - help, Shift-Dir - straight line The walls burn something!
You feel you are being watched by something.
You feel your power leaking away. Something hits you!
* * * LOW HITPOINT WARNING * * *
Something hits you.
* * * LOW HITPOINT WARNING * * *
Something stings you but does no damage.
The walls burn something!
Something hits you!
* * * LOW HITPOINT WARNING * * *
You feel dopey. Something hits you but does no damage. Something stings you.
* * * LOW HITPOINT WARNING * * *
You feel much better.
The walls burn something!
Something hits you.
* * * LOW HITPOINT WARNING * * *
Something hits you.
* * * LOW HITPOINT WARNING * * *
You feel dopey. Something stings you!
* * * LOW HITPOINT WARNING * * *
You feel dopey.
As you read the scroll of fear, it crumbles to dust.
You assume a fearsome visage.
Nothing appears to happen.
The walls burn something!
Something hits you but does no damage. x2
Something stings you.
* * * LOW HITPOINT WARNING * * *
Unknown command.
The walls burn something!
Something hits you but does no damage. Something hits you.
* * * LOW HITPOINT WARNING * * *
You feel weakened. Something stings you.
You die...

##~~## ##.............. #####
#...~## #..^..^........ #^..#
###~...~# ##.^........... #..#
##.~..~.~## ###^.......^..
#~.###~..~##.~.# #...........
##~~##~..~###..~## #...^.......
#~~###~..~# ##..~# #........^..
#~~#~~.~~~# #..~## #..^........
#~~~...~#~.# ##@.~###...........
##...~###^..###.~###^...........
##~..~## #..###~.~#
#............ #~...~#
####.~.^####....^....... #~...##
#~..^## #............. ~.~###
##~.~~## #..........^.. ~^##
#..~##~###............. ..~#
#...##..''............. ~†.#
#~..~...''.............


There were no monsters in sight!

Vanquished Creatures
  Kirke (Spider:3)
  5 emperor scorpions
  A broodmother (Spider:4)
  2 eleionomae (Swamp:3)
  4 bunyips
  Azrael (Orc:2)
  A dire elephant (Lair:5)
  3 spark wasps
  A shambling mangrove (Swamp:4)
  22 hydras
  3 entropy weavers
  A rakshasa (D:15)
  2 vault guards (D:14)
  Erolcha (D:9)
  An ogre mage (D:15)
  5 radroaches
  A ghost crab (Swamp:1)
  5 centaur warriors
  An ironbound frostheart (D:14)
  9 two-headed ogres
  3 boulder beetles
  10 alligators
  A tengu warrior (D:14)
  3 demonic crawlers
  3 orc high priests (Orc:2)
  An occultist (D:15)
  7 death yaks
  Sonja (Orc:1)
  A fire crab (Lair:4)
  A spectral death yak (Lair:5)
  2 goliath frogs (Swamp:3)
  Lodul (D:10)
  2 skysharks
  7 pharaoh ants
  5 spriggan druids
  A spectral anaconda (Lair:5)
  13 swamp dragons
  3 bog bodies
  An obsidian statue (Lair:5)
  12 orb spiders
  A phantasmal warrior (D:14)
  An orc knight (Orc:2)
  6 lindwurms
  2 steelbarb worms
  2 deep elf zephyrmancers (D:15)
  4 necromancers
  8 ugly things
  14 wolf spiders
  6 orc sorcerers
  5 will-o-the-wisps
  6 cyclopes
  A moth of wrath (Spider:4)
  6 manticores
  9 elephants (Lair:5)
  2 centaur zombies (D:15)
  A kobold blastminer (Orc:1)
  2 unseen horrors
  3 black mambas
  2 torpor snails
  7 komodo dragons
  7 cane toads
  A gargoyle (D:11)
  3 efreet
  4 rime drakes
  2 redback zombies
  3 trolls
  2 polar bears
  2 meliai (Spider:3)
  6 tyrant leeches
  Prince Ribbit (D:5)
  27 tarantellas
  A moth of wrath zombie (Spider:4)
  A hornet (Swamp:3)
  A radroach zombie (Spider:4)
  A spriggan (shapeshifter) (D:15)
  A shadow (D:12)
  A centaur simulacrum (D:14)
  3 spriggans
  4 wraiths
  A dire elephant simulacrum (Lair:5)
  57 yaks
  24 jumping spiders
  A vampire (D:9)
  5 humans
  10 wyverns
  19 culicivoras
  4 fire elementals (Orc:2)
  3 vampire mosquitoes (D:14)
  Grum (D:8)
  2 hogs (Spider:3)
  3 basilisks
  29 redbacks
  3 steam dragons
  A warg (Orc:2)
  A death yak simulacrum (Lair:5)
  A spectral cane toad (Lair:5)
  20 swamp worms
  5 acid dragons
  2 hell hounds (Orc:2)
  15 water moccasins
  7 swamp drakes
  4 elephant zombies (Lair:5)
  2 ice beasts
  20 orc warriors
  3 black bears
  A sky beast (D:7)
  14 ogres
  11 centaurs
  16 wolves
  A phantom (D:6)
  2 kobold brigands
  12 bullfrogs
  2 cane toad simulacra (Lair:5)
  4 gnoll sergeants
  5 wights
  An elephant simulacrum (Lair:5)
  13 killer bees
  3 howler monkeys (D:11)
  An electric eel (Spider:4)
  2 hounds
  23 orc priests
  2 iguanas
  Natasha (thrice) (D:2)
  21 orc wizards
  17 gnolls
  14 adders
  A shadow imp (D:8)
  A white imp (D:6)
  2 ufetubi (D:6)
  2 worms (D:2)
  6 dart slugs
  53 orcs
  5 bats
  7 endoplasms
  9 goblins
  7 hobgoblins
  3 quokkas
  13 ball pythons
  7 frilled lizards
  5 kobolds
  5 rats
844 creatures vanquished.

Vanquished Creatures (collateral kills)
  A ghost moth (Spider:4)
  A spark wasp (Spider:1)
  An entropy weaver (Spider:3)
  4 radroaches
  A death knight (D:14)
  2 demonic crawlers
  A sun moth (Spider:4)
  2 pharaoh ants (Spider:2)
  A skeletal warrior (D:14)
  2 orb spiders
  A steelbarb worm (Spider:4)
  An orc sorcerer (Orc:1)
  12 wolf spiders
  A cyclops (D:14)
  A meliai (Spider:3)
  14 tarantellas
  A hornet (Spider:4)
  13 jumping spiders
  9 culicivoras
  2 hogs (Spider:3)
  9 redbacks
  An orc warrior (Orc:1)
  An electric eel (Spider:2)
82 creatures vanquished.

Vanquished Creatures (others)
  A spark wasp (Spider:4)
  An emperor scorpion zombie (Spider:2)
  A spark wasp zombie (Spider:3)
  A swamp dragon (Swamp:4)
  A lindwurm (Swamp:4)
  5 wolf spider zombies
  A broodmother zombie (Spider:4)
  A black mamba (shapeshifter) (D:14)
  3 orb spider zombies
  12 redback zombies
  3 demonic crawler zombies
  A bloated husk (Swamp:1)
  A sun moth zombie (Spider:4)
  15 tarantella zombies
  6 culicivora zombies
  A meliai zombie (Spider:3)
  11 jumping spider zombies
  3 radroach zombies
  2 slime creatures
  A culicivora (Spider:1)
  A yak (D:9)
  2 humans
  A redback (Lair:2)
  A water moccasin (Lair:2)
  A hell hound (Orc:2)
  2 orc warriors
  A centaur (D:9)
  A bullfrog (Lair:4)
  124 jellies
  3 orc priests (Orc:2)
  10 orc wizards (Orc:2)
  6 orcs
  29 foxfires
253 creatures vanquished.

Grand Total: 1179 creatures vanquished

Notes
Turn   | Place    | Note
-------+----------+-------------------------------------------
     0 | D:1      | whatisthis the Ghoul Venom Mage began the quest for the
                  | Orb.
     0 | D:1      | Reached XP level 1. HP: 14/14 MP: 3/3
    52 | D:1      | Reached skill level 1 in Transmutations
   191 | D:1      | Reached XP level 2. HP: 22/22 MP: 2/4
   612 | D:1      | Reached XP level 3. HP: 27/27 MP: 4/6
   750 | D:1      | Learned a level 2 spell: Mercury Vapours
   950 | D:2      | Reached XP level 4. HP: 20/34 MP: 0/7
  1414 | D:2      | Noticed Natasha
  1421 | D:2      | Killed Natasha
  1422 | D:2      | Reached XP level 5. HP: 36/39 MP: 3/8
  1539 | D:2      | Noticed Natasha
  1545 | D:2      | Killed Natasha
  1565 | D:2      | Noticed Natasha
  1570 | D:2      | Killed Natasha
  1571 | D:2      | Reached skill level 1 in Air Magic
  1734 | D:2      | Learned a level 3 spell: Mephitic Cloud
  2601 | D:3      | Noticed a centaur
  2617 | D:3      | Killed a centaur
  2618 | D:3      | Reached XP level 6. HP: 34/46 MP: 0/10
  3760 | D:4      | Found a blossoming altar of Fedhas.
  3821 | D:4      | Found a snail-covered altar of Cheibriados.
  4015 | D:5      | Entered Level 5 of the Dungeon
  4104 | D:5      | Noticed Prince Ribbit
  4200 | D:5      | Found a hide-covered altar of Uskayaw.
  4460 | D:5      | Killed Prince Ribbit
  4461 | D:5      | Reached skill level 5 in Alchemy
  4461 | D:5      | Reached XP level 7. HP: 50/51 MP: 1/12
  4960 | D:5      | Found a shimmering altar of Xom.
  4960 | D:5      | Noticed an angel
  5211 | D:5      | Reached XP level 8. HP: 58/58 MP: 14/14
  5258 | D:5      | Found a sacrificial altar of Ru.
  5265 | D:5      | Found a broken altar of Ashenzari.
  5327 | D:5      | Found an opulent altar of Gozag.
  5718 | D:5      | Learned a level 4 spell: Olgreb's Toxic Radiance
  5762 | D:6      | Reached skill level 1 in Fighting
  5881 | D:6      | Found a transporter.
  5887 | D:6      | Found a transporter.
  5890 | D:6      | Identified the +10 trident "Hosikal" {venom, *Corrode rPois
                  | Str+3}
  5890 | D:6      | Identified the +2 ring mail of Gravity {rF++}
  5890 | D:6      | Noticed TransRights's ghost (novice MiBe)
  5963 | D:6      | Found a shimmering blue altar of Sif Muna.
  6043 | D:6      | Found a bloodstained altar of Trog.
  6506 | D:6      | Reached skill level 5 in Spellcasting
  6897 | D:6      | Reached XP level 9. HP: 68/68 MP: 16/16
  6909 | D:6      | Found Veluep's General Store.
  6912 | D:6      | Found Zoruyggu's Specific Store.
  7081 | D:6      | Found a faded altar of an unknown god.
  7082 | D:6      | Found a hazy altar of Hepliaklqana.
  7248 | D:6      | Prayed at the altar of an unknown god.
  7248 | D:6      | Became a worshipper of Jiyva Jumeod the Shapeless
  7248 | D:6      | Reached * piety under Jiyva
  7358 | D:7      | Reached skill level 5 in Air Magic
  7529 | D:7      | Found a staircase to the Ecumenical Temple.
  7530 | D:7      | Reached ** piety under Jiyva
  7561 | D:7      | Found a stormy altar of Qazlal.
  7921 | D:8      | Noticed Grum
  7929 | D:8      | Killed Grum
  8005 | D:8      | Found the +3 pair of gauntlets of War {Slay+5}
  8500 | D:9      | Reached skill level 5 in Fighting
  8524 | D:9      | Reached *** piety under Jiyva
  8557 | D:9      | Reached XP level 10. HP: 75/81 MP: 15/19
  8668 | D:9      | Noticed Erolcha
  8737 | D:9      | Identified the +7 war axe "Grim Tooth" {venom, rElec Str+7
                  | Stlth-}
  8762 | D:9      | Noticed a two-headed ogre
  8773 | D:9      | Killed a two-headed ogre
  8866 | D:9      | Noticed a manticore
  8881 | D:9      | Killed a manticore
  8908 | D:9      | Learned a level 4 spell: Dispel Undead
  9006 | D:9      | Reached skill level 1 in Necromancy
  9007 | D:9      | Noticed a centaur warrior
  9027 | D:9      | Killed a centaur warrior
  9134 | D:9      | Reached XP level 11. HP: 92/92 MP: 18/22
  9158 | D:10     | Entered Level 10 of the Dungeon
  9234 | D:10     | Noticed Lodul
  9254 | D:10     | Killed Lodul
  9376 | D:10     | Found a shadowy altar of Dithmenos.
  9525 | D:10     | Found an iron altar of Okawaru.
  9731 | D:10     | Reached skill level 5 in Necromancy
 10077 | D:11     | Noticed a two-headed ogre
 10276 | D:11     | Reached **** piety under Jiyva
 10438 | D:11     | Killed a two-headed ogre
 10491 | D:11     | Found a staircase to the Lair.
 10651 | D:11     | Found a runed translucent gate.
 10651 | D:11     | Found a runed translucent gate.
 10651 | D:11     | Found a runed translucent gate.
 10652 | D:11     | Noticed gelatine's ghost (journeyman DsFi)
 10692 | D:11     | Reached XP level 12. HP: 106/106 MP: 22/24
 10758 | D:11     | Found a broken altar of Ashenzari.
 10819 | D:11     | Reached skill level 10 in Fighting
 11097 | D:12     | Noticed a boulder beetle
 11193 | Lair:1   | Entered Level 1 of the Lair of Beasts
 11355 | Lair:1   | Reached skill level 1 in Earth Magic
 11362 | Lair:1   | Learned a level 5 spell: Borgnjor's Vile Clutch
 11470 | Lair:1   | Reached ***** piety under Jiyva
 12234 | Lair:1   | Upgraded the game from 0.31-a0-1300-gb6740aa4e6 to
                  | 0.31-a0-1308-ga3cce3a448
 12411 | Lair:2   | Found a transporter.
 12444 | Lair:2   | Found a transporter.
 12687 | Lair:2   | Found a staircase to the Swamp.
 12687 | Lair:2   | Noticed an alligator
 12703 | Lair:2   | Reached skill level 10 in Spellcasting
 12725 | Lair:2   | Killed an alligator
 12726 | Lair:2   | Reached XP level 13. HP: 32/116 MP: 2/27
 12865 | Lair:2   | Found a hole to the Spider Nest.
 13430 | Lair:3   | Reached skill level 5 in Earth Magic
 13507 | Lair:3   | Reached ****** piety under Jiyva
 13578 | Lair:3   | Found a runed translucent door.
 13578 | Lair:3   | Noticed Tacw's ghost (journeyman MeSh)
 13947 | Lair:3   | Found an ornate altar of the Wu Jian Council.
 15629 | Lair:5   | Entered Level 5 of the Lair of Beasts
 15677 | Lair:5   | Learned a level 6 spell: Bombard
 16151 | Lair:5   | Found a staircase to the Slime Pits.
 16319 | Lair:5   | Noticed a dire elephant
 16319 | Lair:5   | Found the +8 frozen axe "Frostbite" {freeze, freezing
                  | cloud, *Noise Fly rC+}
 16350 | Lair:5   | Reached XP level 14. HP: 124/124 MP: 29/29
 16547 | Lair:5   | Reached skill level 10 in Necromancy
 16564 | Lair:5   | Identified the ring "Zekhletz" {EV+5 Dex+3}
 16672 | Lair:5   | Learned a level 3 spell: Stone Arrow
 16788 | Lair:5   | Killed a dire elephant
 16987 | Slime:1  | Entered Level 1 of the Pits of Slime
 16994 | Slime:2  | Noticed Dissolution
 16995 | Slime:2  | Noticed an acid blob
 16997 | Slime:2  | Noticed a rockslime
 17004 | Slime:3  | Noticed an acid blob
 17004 | Slime:3  | Noticed an azure jelly
 17005 | Slime:3  | Noticed a rockslime
 17015 | Slime:3  | Noticed a quicksilver ooze
 17034 | Slime:5  | Entered Level 5 of the Pits of Slime
 17050 | Slime:5  | Noticed an acid blob
 17055 | Slime:5  | Noticed the Royal Jelly
 17060 | Slime:5  | Noticed a quicksilver ooze
 17067 | Slime:5  | Noticed an acid blob
 17068 | Slime:5  | Noticed an acid blob
 17078 | Slime:5  | Identified the +0 chain mail of Shielding {Will+ rCorr
                  | Slay-4}
 17080 | Slime:5  | Identified the +8 ice dragon scales "Ykeimeeb" {rF- rC++
                  | Will- Int+4}
 17084 | Slime:5  | Noticed an acid blob
 17101 | Slime:5  | Noticed an acid blob
 17103 | Slime:5  | Got a slimy rune of Zot
 17106 | Slime:5  | Found a viscous altar of Jiyva.
 17106 | Slime:5  | Noticed an acid blob
 17111 | Slime:5  | Identified the +9 rapier "Unotokam" {flame, rElec rF- rN+
                  | Stlth+}
 17118 | Slime:5  | Identified the ring of Beogh, Witching {Fire rPois Str+5
                  | Int+3 Slay-5}
 17131 | Slime:5  | Noticed a rockslime
 17132 | Slime:5  | Noticed an acid blob
 17150 | Slime:5  | Noticed an acid blob
 17156 | Slime:5  | Noticed an acid blob
 17308 | Slime:5  | Noticed an acid blob
 17507 | Slime:2  | Noticed an acid blob
 17507 | Slime:2  | Noticed an azure jelly
 17507 | Slime:2  | Noticed an azure jelly
 17587 | Slime:4  | Noticed an acid blob
 17599 | Slime:3  | Noticed an acid blob
 17607 | Slime:2  | Noticed a rockslime
 18237 | D:12     | You fall into a shaft and drop 3 floors!
 18237 | D:15     | Entered Level 15 of the Dungeon
 18281 | D:14     | Found a transporter.
 18283 | D:14     | Found a transporter.
 18285 | D:14     | Identified the +0 ring mail "Unina" {Str+2 Dex-4 SInv}
 18342 | D:14     | Reached skill level 10 in Earth Magic
 18365 | D:14     | Found a gate to the Vaults.
 18409 | D:14     | Found a transporter.
 18546 | D:14     | Found an ancient bone altar of Kikubaaqudgha.
 18634 | D:14     | Found a transporter.
 19325 | D:12     | Found Udoug's Self-Published Books.
 20223 | D:15     | Reached XP level 15. HP: 120/129 MP: 26/31
 20460 | D:15     | Found Esasyg's Armour Boutique.
 20978 | D:15     | Found a staircase to the Depths.
 21042 | D:15     | Found a transporter.
 21044 | D:15     | Found a transporter.
 21052 | D:15     | Noticed Cophusiv's ghost (journeyman DsGl)
 21428 | D:9      | Found a staircase to the Orcish Mines.
 21636 | D:9      | Killed Erolcha
 21688 | Orc:1    | Entered Level 1 of the Orcish Mines
 21728 | Orc:2    | Entered Level 2 of the Orcish Mines
 21860 | Orc:2    | Found a staircase to the Elven Halls.
 22080 | Orc:1    | Paralysed by an orc sorcerer for 4 turns
 22144 | Orc:1    | Noticed Sonja
 22148 | Orc:1    | Killed Sonja
 22657 | Orc:2    | Noticed Azrael
 22762 | Orc:2    | Killed Azrael
 22856 | Orc:2    | Paralysed by an orc sorcerer for 4 turns
 22894 | Orc:2    | Paralysed by an orc sorcerer for 3 turns
 22957 | Orc:2    | Found Ahiujazo's Weapon Shoppe.
 22957 | Orc:2    | Found Dunleppaubb's Assorted Antiques.
 22957 | Orc:2    | Found Javioh's Weapon Shoppe.
 22961 | Orc:2    | Found Kegaog's Book Emporium.
 23002 | Orc:2    | Bought a scroll of teleportation for 96 gold pieces
 23002 | Orc:2    | Bought a scroll of identify for 64 gold pieces
 23345 | D:9      | Upgraded the game from 0.31-a0-1308-ga3cce3a448 to
                  | 0.31-a0-1338-gb567cfdca4
 23531 | D:6      | Bought a potion of curing for 30 gold pieces
 23867 | Swamp:1  | Entered Level 1 of the Swamp
 24574 | Swamp:2  | Reached XP level 16. HP: 139/139 MP: 17/33
 24756 | Swamp:2  | Found a shimmering altar of Xom.
 25878 | Swamp:4  | Entered Level 4 of the Swamp
 26332 | Swamp:4  | Found a runed translucent door.
 26333 | Swamp:4  | Noticed drugrobin's ghost (adept DgDe)
 26336 | Swamp:4  | Identified the +9 trident "Hocussig" {venom, rPois Int-2
                  | Stlth+}
 26599 | Swamp:4  | Found the +3 hat of Pondering {ponderous, Will+ MP+10
                  | Int+5}
 26728 | Swamp:4  | Noticed a thorn hunter
 26927 | Swamp:4  | Got a decaying rune of Zot
 27573 | Lair:2   | Learned a level 4 spell: Animate Dead
 27578 | Spider:1 | Entered Level 1 of the Spider Nest
 27735 | Spider:1 | Reached XP level 17. HP: 150/150 MP: 30/35
 29380 | Spider:3 | Noticed Kirke
 29386 | Spider:3 | Reached skill level 15 in Earth Magic
 29389 | Spider:3 | Killed Kirke
 29637 | Spider:3 | Reached skill level 15 in Necromancy
 29961 | Spider:4 | Entered Level 4 of the Spider Nest
 30212 | Spider:4 | Reached XP level 18. HP: 64/161 MP: 29/36
 30214 | Spider:3 | Reached skill level 15 in Spellcasting
 30831 | Spider:4 | Reached skill level 15 in Fighting
 31501 | Spider:4 | HP: 6/163 [something (11)]
 31504 | Spider:4 | HP: 2/163 [something (5)]
 31504 | Spider:4 | Slain by a ghost moth

Illustrated notes

Levels and vault maps discovered:
D:1:      reono_arrival_forest_river, layout_rooms
D:2:      layout_rooms, uniq_natasha
D:3:      layout_loops_ring, chequers_serial_rivers_micro_d
D:4:      layout_gridville, general_overflow_altar, fedhas_altar_4
D:5:      layout_loops_ring, grunt_temple_overflow_order_and_chaos_1,
          overflow_temple_1_default, grunt_gozag_breadcrumbs,
          mainiacjoe_overflow_big_doors, uniq_prince_ribbit1
D:6:      layout_basic, nzn_overflow_gifts_of_might_and_magic,
          beargit_hepliaklqana_dungeon_heroes, gammafunk_ghost_gnarly_gnolls,
          nicolae_specific_store, kennysheep_small_spiral
D:7:      layout_basic, grunt_qazlal_clouds, minmay_temple_entry_statues,
          serial_corexii_hall, corexii_hall_statues_i, corexii_hall_statues_l,
          corexii_hall_statues_u, chequers_hall_statues_wall_a
D:8:      layout_loops_ring, chequers_mini_garden, dk_rats_in_the_wall,
          uniq_grum
D:9:      minmay_slanted_spiral_squares, layout_basic,
          mainiacjoe_overflow_catwalk, orc_0_dummy, uniq_erolcha
D:10:     layout_basic, okawaru_gym_becter, mainiacjoe_overflow_paths,
          mainiacjoe_overflow_24_doors, item_on_display_a, uniq_lodul
D:11:     layout_roguey, minmay_lair_entry_grove, gammafunk_ghost_necromancy,
          nicolae_ashenzari_skybound
D:12:     layout_basic, nicolae_custom_books
D:13:     layout_cave_pools, zin_statuary
D:14:     layout_roguey, hellmonk_vaults_keyhole,
          nicolae_kikubaaqudgha_miasma_corner, nicolae_transporter_circle
D:15:     grunt_enter_depths_magical_seal, layout_loops_ring,
          chequers_serial_rivers_room_b, gammafunk_ghost_mausoleum,
          serial_shops, shop
Lair:1:   layout_regular_city, lemuel_fruit_fields
Lair:2:   gammafunk_worm_tunnel, layout_regular_city,
          mainiacjoe_swamp_entry_lozenge_pond, spider_nest_entry_webs
Lair:3:   layout_regular_city, basic_altar, ebering_ghost_inner_flame,
          grunt_forest_small_clearing_treed, serial_bayou_shore_b,
          grunt_megastairs_5, infiniplex_staircase_pool_2
Lair:4:   layout_layer_cave
Lair:5:   due_jungle_book, layout_cave_pods, slime_entry_1,
          minmay_lindwurm_lava, grunt_megastairs_3
Swamp:1:  layout_basic_swamp, nicolae_swamp_feature_on_the_river_bank,
          swamp_pool_3
Swamp:2:  layout_basic_swamp, lemuel_altar_in_water
Swamp:3:  layout_basic_swamp, serial_swamp_ruin, evilmike_swamp_ruin_house_1,
          evilmike_swamp_ruin_rubble_2, swamp_pool_4
Swamp:4:  swamp_alternative, layout_basic_swamp, ebering_ghost_funeral_grove
Spider:1: layout_spider_delve
Spider:2: layout_spider_delve, nicolae_spider_circle_web
Spider:3: layout_spider_delve, uniq_kirke
Spider:4: spider_rune_water, nicolae_spider_solar_radiation
Slime:1:  layout_caves
Slime:2:  layout_caves, uniq_dissolution
Slime:3:  layout_caves
Slime:4:  layout_caves, nicolae_slime_barrier,
          cheibrodos_slime_lost_civilization_4
Slime:5:  slime_pit_nicolae_amoeboid
Orc:1:    layout_caves, uniq_sonja
Orc:2:    st_orc_mages, layout_caves, uniq_azrael

Skill      XL: |  1  2  3  4  5  6  7  8  9 10 11 12 13 14 15 16 17 18 |
---------------+-------------------------------------------------------+-----
Transmutations | 1 2 3 |  0.0
Spellcasting   | 2 3 4 5 6 7 8 10 11 12 13 14 15 | 15.3
Stealth        | 3 |  3.0
Air Magic      | 1 2 3 4 5 6 |  6.3
Alchemy        | 4 5 6 7 8 9 |  9.3
Fighting       | 2 5 7 9 11 12 13 14 15 | 15.3
Necromancy     | 2 5 7 9 11 12 14 15 | 15.5
Earth Magic    | 4 8 10 12 14 15 | 15.8
Dodging        | |  1.7

Action                     |  1- 3 |  4- 6 |  7- 9 | 10-12 | 13-15 | 16-18 || total
---------------------------+-------+-------+-------+-------+-------+-------++-------
  Melee: Unarmed           |    59 |    29 |       |       |       |       ||    88
         Dagger            |     2 |       |       |       |       |       ||     2
         Spear             |       |    65 |     8 |       |       |       ||    73
         Punch             |       |     2 |     1 |     4 |     5 |       ||    12
         Demon whip        |       |       |   140 |   350 |   285 |    98 ||   873
  Throw: Boomerang         |       |     3 |       |       |       |       ||     3
   Cast: Sting             |    39 |    52 |    40 |    15 |     5 |       ||   151
         Mercury Vapours   |     1 |    60 |    40 |    25 |       |       ||   126
         Olgreb's Toxic Ra |       |       |    13 |    67 |   136 |    81 ||   297
         Mephitic Cloud    |       |       |       |     5 |       |       ||     5
         Dispel Undead     |       |       |       |     1 |    43 |       ||    44
         Borgnjor's Vile C |       |       |       |    28 |   304 |   420 ||   752
         Bombard           |       |       |       |       |    14 |    13 ||    27
         Stone Arrow       |       |       |       |       |    93 |   295 ||   388
         Animate Dead      |       |       |       |       |       |    18 ||    18
 Invoke: Oozemancy         |       |       |       |     2 |     5 |     2 ||     9
         Slimify           |       |       |       |       |       |     1 ||     1
  Evoke: Wand              |       |       |       |       |     5 |     8 ||    13
    Use: Potion            |       |     1 |       |       |     4 |     4 ||     9
         Scroll            |       |       |     9 |     4 |     9 |     7 ||    29
   Stab: Sleeping          |       |     2 |     2 |     1 |       |       ||     5
         Distracted        |       |       |       |       |       |     1 ||     1
 Armour: Robe              |    42 |    55 |   172 |   330 |   521 |   633 ||  1753
  Dodge: Dodged            |    49 |    62 |   117 |   211 |   262 |   236 ||   937
  Block: Other             |       |       |       |    80 |    90 |       ||   170
         Reflection        |       |       |       |     6 |    19 |     5 ||    30
         Buckler           |       |       |       |       |     7 |   204 ||   211
         Kite shield       |       |       |       |       |     3 |       ||     3

Table legend: (Time is in decaauts)
 A = Elapsed time spent in this place.
 B = Non-inter-level travel time spent in this place.
 C = Inter-level travel time spent in this place.
 D = Time resting spent in this place.
 E = Time spent auto-exploring this place.
 F = Levels seen in this place.
 G = Mean time per level.
                   A        B        C        D        E       F      G
               +--------+--------+--------+--------+--------+-----+--------+
         Total |  31900 |  28987 |   2913 |   3454 |  12131 |  35 |  911.4 |
       Dungeon |  15359 |  13974 |   1385 |   2095 |   7034 |  15 | 1023.9 |
          Lair |   6423 |   5798 |    625 |    320 |   2687 |   5 | 1284.6 |
         Swamp |   3839 |   3613 |    226 |    510 |    976 |   4 |  959.8 |
   Spider Nest |   3962 |   3525 |    437 |    473 |    543 |   4 |  990.5 |
    Slime Pits |    650 |    551 |     99 |      0 |    372 |   5 |  130.0 |
  Orcish Mines |   1666 |   1526 |    140 |     55 |    518 |   2 |  833.0 |
               +--------+--------+--------+--------+--------+-----+--------+

Top non-repeatable levels by time:
     D:6: 1665 daAuts
  Lair:2: 1601 daAuts
     D:4: 1596 daAuts
  Lair:5: 1453 daAuts
 Swamp:4: 1408 daAuts
Spider:3: 1373 daAuts
     D:5: 1303 daAuts
    D:11: 1263 daAuts
 Swamp:3: 1157 daAuts
  Lair:1: 1130 daAuts
  Lair:3: 1119 daAuts
  Lair:4: 1119 daAuts
    D:15: 1092 daAuts
     D:3: 1075 daAuts
     D:9: 1071 daAuts
